 Dungeon Crawl Stone Soup version 0.28.0-47-ge53b351184 (webtiles) character file.

Game seed: 8371541184974267432

1 joe1234567 the Grave Robber (level 1, 0/17 HPs)
             Began as a Demigod Wanderer on May 7, 2022.
             Frozen to death by an endoplasm (3 damage)
             ... on level 1 of the Dungeon.
             The game lasted 00:00:57 (129 turns).

joe1234567 the Grave Robber (Demigod Wanderer)       Turns: 129, Time: 00:00:58

Health: 0/17       AC:  2    Str: 13    XL:     1   Next: 13%
Magic:  5/5        EV: 11    Int: 15    God:
Gold:   0          SH:  0    Dex: 12    Spells: 3/3 levels left

rFire   . . .      SeeInvis .   a - +0 club
rCold   . . .      Faith    .   (no shield)
rNeg    . . .      Spirit   .   b - +0 robe
rPois   .          Reflect  .   (no helmet)
rElec   .          Harm     .   (no cloak)
rCorr   .          Rampage  .   (no gloves)
Will    .....                   (no boots)
Stlth   +.........              (no amulet)
HPRegen 0.05/turn               (no ring)
MPRegen 0.09/turn               (no ring)

@: no status effects
A: high MP 1, forlorn, divine attributes
a: no special abilities


You were on level 1 of the Dungeon.
You visited 1 branch of the dungeon, and saw 1 of its levels.

Inventory:

Hand Weapons
 a - a +0 club (weapon)
Armour
 b - a +0 robe (worn)
Scrolls
 c - a scroll of teleportation


   Skills:
 + Level 1.7 Fighting
 + Level 1.7 Spellcasting
 + Level 2.8 Necromancy
 + Level 1.7 Poison Magic
 + Level 1.0 Evocations


You had 3 spell levels left.
You didn't know any spells.
Your spell library contained the following spells:

 Spells                   Type           Power      Damage    Failure   Level
 Animate Skeleton         Necr           18%        N/A       8%          1
 Pain                     Necr           36%        1d5       8%          1
 Sublimation of Blood     Necr           9%         N/A       11%         2
 Sting                    Tmut/Pois      12%        1d3       16%         1
 Ignite Poison            Fire/Tmut/Pois 3%         N/A       47%         3


Dungeon Overview and Level Annotations

Branches:
Dungeon (1/15)


Innate Abilities, Weirdness & Mutations

You have an increased reservoir of magic. (+10% MP)
You shall have no god before yourself.
Your divine heritage dramatically boosts your attributes as you level up.


Message History

Sorry, you're not good enough to have a special ability.
You don't know any spells.
You don't know any spells.
You don't know any spells.
The bat hits you.
You barely miss the bat. The bat closely misses you.
The bat closely misses you. The bat hits you but does no damage.
You closely miss the bat. The bat hits you. The bat barely misses you. x2
You hit the bat.
You kill the bat!
You see here a bat corpse.
A giant cockroach comes into view.
Found a fuming emerald potion.
A goblin comes into view. It is wielding a +0 dagger.
Found 15 gold pieces.
An endoplasm comes into view.
The giant cockroach bites you.
The giant cockroach waves its antennae.
The giant cockroach barely misses you.
You don't know any spells.
You closely miss the giant cockroach.
The endoplasm quivers.
The giant cockroach bites you.
You closely miss the giant cockroach. The giant cockroach bites you.
The giant cockroach barely misses you.
You completely miss the giant cockroach.
The giant cockroach bites you but does no damage.
You barely miss the giant cockroach. The giant cockroach bites you.
The goblin hits you with a +0 dagger. The giant cockroach closely misses you.
You hit the giant cockroach.
The giant cockroach is heavily wounded.
The giant cockroach bites you. The goblin hits you with a +0 dagger.
* * * LOW HITPOINT WARNING * * *
You hit the giant cockroach.
You kill the giant cockroach!
The goblin closely misses you. The goblin hits you with a +0 dagger.
* * * LOW HITPOINT WARNING * * *
The endoplasm freezes you.
You are frozen.
You die...

. .. ...
..$.##########
.............#
.............#####
##
#...J@...†.....##
..
#....g.+++++.#..#
.# #......+
+.##'####'#
#......+
+.##.......
#.!....+
+.#######<#
#.....$+ +## ###
#....... #.......


You could see an endoplasm and a goblin.

Vanquished Creatures
  A bat (D:1)
  A giant cockroach (D:1)
2 creatures vanquished.

Notes
Turn   | Place    | Note
-------+----------+-------------------------------------------
     0 | D:1      | joe1234567 the Demigod Wanderer began the quest for the
                  | Orb.
     0 | D:1      | joe1234567 set off with the following items: a +0 club, a
                  | +0 robe, a scroll of teleportation; and the following
                  | spells available to memorise: Animate Skeleton, Pain,
                  | Sublimation of Blood, Sting, Ignite Poison
     0 | D:1      | Reached XP level 1. HP: 17/17 MP: 5/5
   129 | D:1      | Frozen to death by an endoplasm

Illustrated notes

Levels and vault maps discovered:
D:1:      minmay_arrival_three_doors, layout_basic,
          hellmonk_ecumenical_altar_heavens_door

Action                   || total
-------------------------++-------
Melee: Club              ||    10
Armor: Robe              ||     3
Dodge: Dodged            ||     9
